 Dungeon Crawl Stone Soup version 0.29.1-1-gd02db6906a (webtiles) character file.

Game seed: 1807388333532219978

305 MisterFreud the Twirler (level 6, -7/47 HPs)
             Began as a Formicid Gladiator on Oct 11, 2022.
             Was a Follower of Yredelemnul.
             Killed by divine providence
             ... invoked by an orc priest
              (14 damage)
             ... on level 4 of the Dungeon.
             The game lasted 00:04:37 (3422 turns).

MisterFreud the Twirler (Formicid Gladiator)        Turns: 3422, Time: 00:04:37

Health: -7/47      AC:  6    Str: 20    XL:     6   Next: 67%
Magic:  15/15      EV: 12    Int:  8    God:    Yredelemnul [*.....]
Gold:   208        SH:  0    Dex: 22    Spells: 5/5 levels left

rFire   . . .      SeeInvis +   a - +1 quarterstaff
rCold   + . .      Faith    .   (no shield)
rNeg    . . .      Spirit   .   l - +0 ring mail
rPois   +          Reflect  .   (helmet unavailable)
rElec   .          Harm     .   (no cloak)
rCorr   +          Rampage  .   (no gloves)
Will    .....                   k - +0 pair of boots
Stlth   +.........              (no amulet)
HPRegen 0.15/turn               o - ring of Jeor {rPois rC+ rCorr MP+9 Dex+7}
MPRegen 0.14/turn               (no ring)

@: no status effects
A: permanent stasis, dig shafts and tunnels, antennae 3, four strong arms
a: Dig, Shaft Self, Renounce Religion, Recall Undead Harvest


You were on level 4 of the Dungeon.
You worshipped Yredelemnul.
Yredelemnul was noncommittal.
You visited 1 branch of the dungeon, and saw 4 of its levels.

You collected 208 gold pieces.

Inventory:

Hand Weapons
 a - a +1 quarterstaff (weapon)
Missiles
 c - 3 throwing nets
 d - 6 javelins (quivered)
 p - 2 boomerangs
Armour
 b - a +0 leather armour
 k - a +0 pair of boots (worn)
 l - a +0 ring mail (worn)
Jewellery
 o - the ring of Jeor (left hand) {rPois rC+ rCorr MP+9 Dex+7}
   (You found it on level 2 of the Dungeon)

   [ring of resist corrosion]

   Dex:       It affects your dexterity (+7).
   rC:        It protects you from cold.
   rPois:     It protects you from poison.
   MP:        It affects your magic capacity (+9).
   rCorr:     It protects you from acid and corrosion.
Scrolls
 f - a scroll of vulnerability {unknown}
 g - a scroll of silence
 q - 2 scrolls of teleportation {unknown}
 r - a scroll of poison
Potions
 e - a potion of attraction {unknown}
 h - a potion of curing
 i - a potion of mutation {unknown}
 j - 2 potions of brilliance
 m - a potion of haste {unknown}
 n - a potion of ambrosia {unknown}


   Skills:
 + Level 3.4 Fighting
 - Level 6.0 Staves
 - Level 2.0 Throwing
 + Level 2.4 Armour
 - Level 2.6 Dodging


You had 5 spell levels left.
You didn't know any spells.
Your spell library contained the following spells:

 Spells                   Type           Power      Damage    Failure   Level
 Apportation              Tloc           0%         N/A       58%         1
 Necrotise                Necr           0%         1d4       58%         1
 Stone Arrow              Conj/Erth      0%         3d7       91%         3
 Vampiric Draining        Necr           0%         2d6       91%         3
 Animate Armour           Summ/Erth      0%         N/A       100%        4
 Agony                    Necr           0%         N/A       100%        5
 Alistair's Intoxication  Tmut/Pois      0%         N/A       100%        5
 Lehudib's Crystal Spear  Conj/Erth      0%         10d2      100%        8


Dungeon Overview and Level Annotations

Branches:
Dungeon (4/15)
 Temple: D:4-7

Altars:
Hepliaklqana
Ru
Yredelemnul

Shops:
D:1 =


Innate Abilities, Weirdness & Mutations

You cannot be hasted, slowed, berserked, paralysed or teleported.
You can dig through walls and to a lower floor.
You have a pair of large antennae on your head. (SInv)
Your four strong arms can wield two-handed weapons with a shield.


Message History

Your orc zombie hits the orc priest but does no damage.
You sock the orc priest!
The orc priest is severely wounded.
The orc priest hits you with a +0 dagger.
Your endoplasm zombie hits the orc priest.
Your orc zombie hits the orc priest.
You hit the orc priest.
The orc priest is almost dead.
The orc priest calls down the wrath of Beogh upon you.
Pain shoots through your body!
Your endoplasm zombie closely misses the orc priest.
You hit the orc priest.
The orc priest is almost dead.
The orc priest hits you but does no damage.
Your orc zombie hits the orc priest but does no damage.
Your endoplasm zombie hits the orc priest.
The orc priest dies!
You aren't carrying any items that you can evoke.
Throw: 7 javelins
Press: ? - help, Q - select action, (/) - cycle Shift-Dir - straight line, f - orc priest
Aim: an orc priest, wielding a +0 club (ally target, 65% to hit)
You throw a javelin.
The javelin barely misses the orc priest.
Your orc zombie hits the orc priest but does no damage.
Your endoplasm zombie closely misses the orc priest.
The orc priest hits you with a +0 club.
* * * LOW HITPOINT WARNING * * *
Unknown command.
You closely miss the orc priest.
Your orc zombie barely misses the orc priest.
Your endoplasm zombie barely misses the orc priest.
The orc priest calls down the wrath of Beogh upon you.
Beogh smites you!
* * * LOW HITPOINT WARNING * * *
You hit the orc priest but do no damage.
Your orc zombie hits the orc priest but does no damage.
The orc priest calls down the wrath of Beogh upon you.
Beogh smites you!
You die...
Your body rises from the dead as a mindless zombie.

#.....#..Z{.....#.
#.....#>Z#......#.
#.....#.Z##.....#.
#.....#..##....###
####.....#.Z#######..
#..#.....#.Z.# #..
#..#.....#Z..# #..
#o.#Z....#...# #..
#..#@Z...#.{.# ###
#.ZoZZ.>.#...#
####Z....#...#
######....# #...##
#####


You could see an orc priest (ally target), a friendly endoplasm zombie, a
friendly sky beast zombie, 2 friendly goblin zombies, a friendly orc zombie and
a friendly orc priest zombie.

Vanquished Creatures
  A sky beast (D:4)
  A bullfrog (D:3)
  3 adders (D:4)
  3 dart slugs
  6 orcs
  6 ball pythons
  5 endoplasms
  2 giant cockroaches
  6 goblins
  6 hobgoblins
  8 jackals
  5 kobolds
  5 quokkas
  4 bats
  11 rats
72 creatures vanquished.

Vanquished Creatures (collateral kills)
  An orc priest (D:4)
  An adder (D:4)
  A giant cockroach (D:3)
3 creatures vanquished.

Vanquished Creatures (others)
  3 ball python zombies
  An endoplasm zombie (D:4)
  A jackal zombie (D:3)
  An orc zombie (D:4)
6 creatures vanquished.

Grand Total: 81 creatures vanquished

Notes
Turn   | Place    | Note
-------+----------+-------------------------------------------
     0 | D:1      | MisterFreud the Formicid Gladiator began the quest for the
                  | Orb.
     0 | D:1      | Reached XP level 1. HP: 16/16 MP: 1/1
   184 | D:1      | Reached XP level 2. HP: 15/22 MP: 2/2
   522 | D:1      | Noticed a shining eye
   525 | D:1      | Noticed a floating eye
   528 | D:1      | Found a faded altar of an unknown god.
   531 | D:1      | Noticed an eye of devastation
   531 | D:1      | Noticed a great orb of eyes
   791 | D:1      | Reached skill level 4 in Staves
   791 | D:1      | Reached XP level 3. HP: 26/27 MP: 3/3
   851 | D:1      | Found Nyegawaque's Jewellery Boutique.
  1646 | D:2      | Found a hazy altar of Hepliaklqana.
  1655 | D:2      | Identified the ring of Jeor {rPois rC+ rCorr MP+9 Dex+7}
  1682 | D:2      | Reached XP level 4. HP: 28/33 MP: 4/4
  1999 | D:3      | Noticed a bullfrog
  2007 | D:3      | Killed a bullfrog
  2008 | D:3      | Reached skill level 5 in Staves
  2008 | D:3      | Reached XP level 5. HP: 35/38 MP: 5/5
  2029 | D:3      | Found a basalt altar of Yredelemnul.
  2076 | D:3      | Became a worshipper of Yredelemnul the Dark
  2283 | D:3      | Reached * piety under Yredelemnul
  2405 | D:3      | Found a sacrificial altar of Ru.
  2860 | D:4      | Identified the +0 robe of the Bull {Rampage +Blink Stlth+}
  2951 | D:4      | Reached skill level 6 in Staves
  3121 | D:4      | Noticed a sky beast
  3131 | D:4      | Killed a sky beast
  3132 | D:4      | Reached XP level 6. HP: 47/47 MP: 6/6
  3422 | D:4      | Killed from afar by an orc priest

Illustrated notes

Levels and vault maps discovered:
D:1:      heliophobic_arrival_dark_side_of_the_moon, layout_loops_ring,
          serial_shops, nicolae_shop_crystal,
          hellmonk_ecumenical_altar_watching_god
D:2:      layout_loops_ring, basic_altar
D:3:      layout_basic, mainiacjoe_overflow_catwalk, nicolae_ru_awakened_eye
D:4:      layout_gridville, hangedman_decor_opposing,
          hangedman_decor_peaks_small, minmay_fountain_box,
          hangedman_decor_clover_reticule

Skill      XL: |  1  2  3  4  5 |
---------------+----------------+-----
Staves         | 4 5 6 |  6.0
Fighting       | 3 |  3.4
Armour         | 2 |  2.4
Throwing       | |  2.0
Dodging        | |  2.6

Action                   |  1- 3 |  4- 6 || total
-------------------------+-------+-------++-------
Melee: Quarterstaff      |   109 |    99 ||   208
Throw: Javelin           |       |     3 ||     3
  Use: Scroll            |       |    10 ||    10
 Stab: Sleeping          |     3 |     2 ||     5
Armor: Leather armour    |    35 |     2 ||    37
       Ring mail         |       |    28 ||    28
Dodge: Dodged            |    83 |    51 ||   134
